 Dungeon Crawl Stone Soup version 0.19-a0-1903-gead39cf (webtiles) character file.

60 GlassEater the Poker (level 4, -3/35 HPs)
             Began as a Merfolk Gladiator on Oct 20, 2016.
             Killed by divine providence
             ... invoked by an orc priest
              (7 damage)
             ... on level 3 of the Dungeon.
             The game lasted 00:02:07 (1336 turns).

GlassEater the Poker (Merfolk Gladiator)            Turns: 1336, Time: 00:02:08

Health: -3/35      AC:  4    Str: 15    XL:     4   Next: 4%
Magic:  4/4        EV: 14    Int:  7    God:
Gold:   107        SH:  0    Dex: 15    Spells: 0 memorised, 3 levels left

rFire  . . .     SeeInvis .     a - +0 trident
rCold  . . .     Gourm    .     b - +0 leather armour
rNeg   . . .     Faith    .     (no shield)
rPois  .         Spirit   .     c - +0 helmet
rElec  .         Reflect  .     (no cloak)
rCorr  .         Harm     .     (no gloves)
MR     .....                    (no boots)
Stlth  +.........               (no amulet)
                                (no ring)
                                (no ring)

@: no status effects
A: change form in water, swift swim, stealthy swim
a: no special abilities


You were on level 3 of the Dungeon.
You were not hungry.

You visited 1 branch of the dungeon, and saw 3 of its levels.

You collected 107 gold pieces.

Inventory:

Hand Weapons
 a - a +0 trident (weapon)
Missiles
 d - 3 throwing nets (quivered)
 e - 64 stones
Armour
 b - a +0 leather armour (worn)
 c - a +0 helmet (worn)
Scrolls
 j - 2 scrolls of identify {unknown}
 m - 4 scrolls of remove curse {unknown}
 q - a scroll of amnesia {unknown}
Potions
 i - a potion of heal wounds {unknown}
 k - 2 potions of resistance {unknown}
 n - a potion of agility {unknown}
 o - a potion of flight {unknown}
 p - a potion of invisibility {unknown}
Comestibles
 f - 2 bread rations
 g - a slice of pizza
 l - 2 meat rations


   Skills:
 * Level 3.1 Fighting
 * Level 5.2 Polearms
 + Level 2.4 Throwing
 * Level 4.7 Dodging


You had 3 spell levels left.
You didn't know any spells.

Dungeon Overview and Level Annotations

Branches:
Dungeon (3/15)

Altars:
Xom


Message History

The hobgoblin misses you. The orc closely misses you. The orc misses you.
The orc hits you but does no damage. The orc hits you with a dagger.
You puncture the orc!
You kill the orc!
The hobgoblin hits you but does no damage.
The orc barely misses you. The orc priest hits you. The orc barely misses you.
The hobgoblin hits you with a club.
* * * LOW HITPOINT WARNING * * *
The orc hits you but does no damage. The orc priest closely misses you.
You see here an orc corpse.
You completely miss the orc priest.
The orc priest is heavily wounded.
The orc hits you with a mace.
* * * LOW HITPOINT WARNING * * *
The hobgoblin hits you with a club.
* * * LOW HITPOINT WARNING * * *
The orc closely misses you.
The orc priest calls down the wrath of Beogh upon you.
Beogh smites you!
You die...

.. # #. ### #.#.
#.####..
#.#.###......#
.............#
##...........#
.........og..#
#.......o@.#
#.......oo.###
#.....<.......#
#############...
#.# .


You could see an orc priest, 3 orcs and a hobgoblin.

Vanquished Creatures
  An adder (D:2)
  An ooze (D:1)
  2 dart slugs (D:1)
  3 leopard geckos
  An orc (D:3)
  6 bats (D:1)
  3 giant cockroaches (D:1)
  4 goblins
  3 hobgoblins
  6 kobolds
  A quokka (D:2)
  7 rats
38 creatures vanquished.

Notes
Turn   | Place    | Note
-------+----------+-------------------------------------------
     0 | D:1      | GlassEater the Merfolk Gladiator began the quest for the Orb.
     0 | D:1      | Reached XP level 1. HP: 16/16 MP: 1/1
   160 | D:1      | Reached XP level 2. HP: 23/23 MP: 2/2
   358 | D:1      | Reached skill level 5 in Polearms
   358 | D:1      | Reached XP level 3. HP: 28/28 MP: 3/3
   977 | D:2      | Found a shimmering altar of Xom.
  1204 | D:2      | Reached XP level 4. HP: 35/35 MP: 4/4
  1336 | D:3      | Killed from afar by an orc priest

Vault maps used:
D:1:      minmay_arrival_five_plusses
D:2:      xom_teletrap_fun
D:3:      gup_sewer_entry_bowl, first_bread, minmay_misc_feat_cross

Skill      XL: |  1  2  3 |
---------------+----------+-----
Polearms       | 5 |  5.2
Fighting       | 3 |  3.1
Throwing       | |  2.4
Dodging        | |  4.7

Action                   |  1- 3 |  4- 6 || total
-------------------------+-------+-------++-------
Melee: Trident           |   111 |     9 ||   120
 Stab: Sleeping          |     2 |       ||     2
  Eat: Chunk             |     1 |       ||     1
Armor: Leather armour    |    34 |     6 ||    40
Dodge: Dodged            |    98 |    19 ||   117
